 Dungeon Crawl Stone Soup version 0.31.0-32-g396128a36d (webtiles) character file.

Game seed: 4323844510243400770

49 mainiacjoe the Digger (level 3, -3/21 HPs)
             Began as an Octopode Earth Elementalist on Mar 17, 2024.
             Slain by an orc wizard
             ... wielding a +2 dagger of venom
              (5 damage)
             ... on level 3 of the Dungeon.
             The game lasted 00:04:24 (2798 turns).

mainiacjoe the Digger (Octopode Earth Elementalist) Turns: 2798, Time: 00:04:24

Health: -3/21      AC:  1    Str:  7    XL:     3   Next: 75%
Magic:  2/6        EV: 13    Int: 19    God:
Gold:   74         SH:  0    Dex: 12    Spells: 2/6 levels left

rFire   . . .        a - +0 short sword
rCold   . . .        (no shield)
rNeg    . . .        (helmet restricted)
rPois   .            (no amulet)
rElec   .            (no ring)
rCorr   .            (no ring)
SInv    .            (no ring)
Will    .....        (no ring)
Stlth   +++          (no ring)
HPRegen 0.23/turn    (no ring)
MPRegen 0.10/turn    (no ring)
                     (no ring)

%: no passive effects
@: very slightly contaminated
A: almost no armour, amphibious, 8 rings, camouflage 1, gelatinous body 1,
(nimble swimmer 1), tentacles
a: no special abilities


You were on level 3 of the Dungeon.
You visited 1 branch of the dungeon, and saw 3 of its levels.

You collected 74 gold pieces.

Inventory:

Hand Weapons
 a - a +0 short sword (weapon)
 j - a +0 dagger
Missiles
 b - 3 poisoned darts
 h - 22 stones
 k - a throwing net {=F}
Potions
 c - a potion of lignification
 d - a potion of brilliance
 e - a potion of magic
 f - 4 potions of curing
 g - a potion of invisibility {unknown}
 i - a potion of ambrosia {unknown}
 m - a potion of mutation {unknown}


   Skills:
 - Level 2.0 Dodging
 - Level 2.6 Stealth
 - Level 2.0 Spellcasting
 + Level 2.1 Conjurations
 * Level 4.1 Earth Magic


You had 2 spell levels left.
You knew the following spells:

 Your Spells              Type           Power      Damage    Failure   Level
a - Sandblast             Erth           34%        2d9       3%          1
b - Stone Arrow           Conj/Erth      26%        3d8       14%         3

Your spell library contained the following spells:

 Spells                   Type           Power      Damage    Failure   Level
 Lesser Beckoning         Tloc           2%         N/A       26%         2
 Passwall                 Erth           17%        N/A       10%         3
 Brom's Barrelling Bould  Conj/Erth      13%        2d4       43%         4
 Gell's Gravitas          Tloc           1%         N/A       45%         3
 Teleport Other           Tloc           1%         N/A       45%         3
 Petrify                  Alch/Erth      9%         N/A       58%         4


Dungeon Overview and Level Annotations

Branches:
Dungeon (3/15)

Altars:
Trog
Wu Jian

Shops:
D:1 (   D:2 [


Innate Abilities, Weirdness & Mutations

You cannot wear most types of armour.
You are amphibious.
You can wear up to eight rings at the same time.
Your skin changes colour to match your surroundings (Stealth+).
Your rubbery body absorbs attacks. (AC +1, EV +1)
((You are camouflaged when in or above water. (Stealth+)))
You have tentacles for arms and can constrict up to eight enemies at once.


Message History

Press: ? - help, Shift-Dir - straight line, f/p - orc
Aim: an orc, wielding a +0 club and wearing a +0 ring mail (84% to hit)
The blast of sand hits the orc but does no damage.
You hear some strange, mumbled words.
A puff of flame appears from out of thin air!
The puff of flame hits you! The orc hits you with a +0 club.
The orc attacks as it pursues you! The orc hits you with a +0 club.
You hit the orc but do no damage. You grab the orc. You squeeze the orc.
The orc is moderately wounded.
You constrict the orc. The orc barely misses you.
You hit the orc but do no damage.
The orc is heavily wounded.
You constrict the orc, but do no damage.
The orc closely misses you.
You hit the orc but do no damage. You tentacle-slap the orc.
The orc is severely wounded.
You constrict the orc, but do no damage.
The orc barely misses you.
You hit the orc. You squeeze the orc.
You kill the orc!
Casting: Sandblast (safe; 3% risk of failure)
Confirm with . or Enter, or press ? or * to list all spells.
Aiming: Sandblast (safe; 3% risk of failure)
Press: ? - help, Shift-Dir - straight line, f - orc
Aim: an orc, wielding a +0 dagger (82% to hit)
You miscast Sandblast.
You are very lightly contaminated with residual magic.
Nothing appears to happen.
You hear some strange, mumbled words.
A magic dart appears from out of thin air!
The magic dart hits you!
* * * LOW HITPOINT WARNING * * *
Casting: Sandblast (safe; 3% risk of failure)
Confirm with . or Enter, or press ? or * to list all spells.
Aiming: Sandblast (safe; 3% risk of failure)
Press: ? - help, Shift-Dir - straight line, f/p - orc
Aim: an orc, wielding a +0 dagger (82% to hit)
The blast of sand hits something.
Something hits you.
You die...

#.###..####..####.#
###8#### ##...##.#
##...## ###.##.#
#8...8# #.##.#
########.....####
#..#.#
......#8.._.....#
##.#.#
########.....##.#
#.#.#
#8...8##.######.#.####
##...###.@{o....>....#
##8## #####.........#
## #.........#
#{........#
#o........#
#.........#
#...).....#
#.........#
#...........


You could see an orc.

Vanquished Creatures
  3 dart slugs
  2 ribbon worms
  5 orcs (D:3)
  3 endoplasms
  A giant cockroach (D:2)
  A goblin (D:1)
  3 hobgoblins
  3 kobolds
  4 ball pythons
  4 bats
  2 frilled lizards (D:3)
  A rat (D:2)
32 creatures vanquished.

Notes
Turn   | Place    | Note
-------+----------+-------------------------------------------
     0 | D:1      | mainiacjoe the Octopode Earth Elementalist began the quest
                  | for the Orb.
     0 | D:1      | Reached XP level 1. HP: 11/11 MP: 3/3
   195 | D:1      | Found Gaosirett's Antique Weapon Emporium.
   324 | D:1      | Reached XP level 2. HP: 4/17 MP: 0/5
  1066 | D:2      | Found Nagatho's Antique Armour Shoppe.
  1093 | D:2      | Identified the +0 spear "Otuffeoz" {speed, rElec rPois
                  | Int-5 Dex+3}
  1184 | D:2      | Found a faded altar of an unknown god.
  1500 | D:2      | Reached XP level 3. HP: 21/21 MP: 3/6
  1547 | D:2      | Learned a level 3 spell: Stone Arrow
  1926 | D:3      | Reached skill level 4 in Earth Magic
  2168 | D:3      | Found a bloodstained altar of Trog.
  2768 | D:3      | Found an ornate altar of the Wu Jian Council.
  2797 | D:3      | HP: 1/21 [something/magic dart (7)]
  2798 | D:3      | Slain by an orc wizard

Illustrated notes

Levels and vault maps discovered:
D:1:      saegor_arrival_miasma, layout_basic, serial_shops, shop,
          serial_bayou_pond_a
D:2:      layout_basic, serial_shops, nicolae_shop_behind_doors,
          chequers_ecumenical_altar_twisty, minmay_misc_feat_tiny,
          chequers_mini_garden
D:3:      layout_basic, nzn_wu_jian_council_hall, trog_three_pillars_becter

Skill      XL: |  1  2  3 |
---------------+----------+-----
Earth Magic    | 4 |  4.1
Conjurations   | 2 |  2.1
Dodging        | |  2.0
Stealth        | |  2.6
Spellcasting   | |  2.0

Action                     || total
---------------------------++-------
  Melee: Tentacles         ||     6
         Dagger            ||     1
         Short sword       ||    15
         Constrict         ||     5
         Punch             ||     1
   Cast: Sandblast         ||    44
    Use: Scroll            ||     8
   Stab: Sleeping          ||     3
 Armour: Skin              ||    13
  Dodge: Dodged            ||    13
